 Dungeon Crawl Stone Soup version 0.21-a0-506-ga0ee87aef2 (webtiles) character file.

190 Kaname the Conjurer (level 5, -1/35 HPs)
             Began as a Demonspawn Wizard on Nov 27, 2017.
             Slain by a sky beast (5 damage)
             ... on level 4 of the Dungeon.
             The game lasted 00:06:21 (2578 turns).

Kaname the Conjurer (Demonspawn Wizard)             Turns: 2578, Time: 00:06:22

Health: -1/35      AC: -1    Str:  7    XL:     5   Next: 41%
Magic:  1/9        EV: 11    Int: 23    God:
Gold:   297        SH:  5    Dex: 11    Spells: 1/10 levels left

rFire    . . .     SeeInvis .   l - +5 whip
rCold    . . .     Gourm    .   e - +2 buckler
rNeg     . . .     Faith    .   a - +0 robe
rPois    .         Spirit   .   b - +0 hat
rElec    .         Reflect  .   (no cloak)
rCorr    .         Harm     .   (no gloves)
MR       .....                  (no boots)
Stlth    ++........             (no amulet)
HPRegen  0.11/turn              o - +2 ring of intelligence
MPRegen  0.11/turn              r - -3 ring of protection (curse)

@: no status effects
A: claws 2, powered by death 1
a: no special abilities


You were on level 4 of the Dungeon.
You were not hungry.

You visited 1 branch of the dungeon, and saw 4 of its levels.

You collected 297 gold pieces.

Inventory:

Hand Weapons
 l - a +5 whip (weapon)
Armour
 a - a +0 robe (worn)
 b - a +0 hat (worn)
 e - a +2 buckler (worn)
Jewellery
 o - a +2 ring of intelligence (left claw)
 r - a cursed -3 ring of protection (right claw)
Scrolls
 g - 3 scrolls of identify
 j - a scroll of amnesia
 k - 2 scrolls of enchant weapon
 q - a scroll of blinking
Potions
 c - a potion of invisibility {unknown}
 f - a potion of brilliance
 h - a potion of curing {unknown}
 i - a potion of resistance {unknown}
Comestibles
 d - 4 bread rations
 m - 2 fruits
 n - 2 chunks of flesh
 p - a meat ration


   Skills:
 - Level 1.7 Dodging
 - Level 1.7 Stealth
 - Level 3.0 Spellcasting
 - Level 4.4 Conjurations
   Level 1.0 Summonings
 - Level 1.0 Translocations
 + Level 1.7 Fire Magic
 - Level 1.0 Air Magic
 - Level 1.0 Poison Magic


You had one spell level left.
You knew the following spells:

 Your Spells              Type           Power        Failure   Level  Hunger
a - Magic Dart            Conj           ###.         3%          1    None
b - Blink                 Tloc           N/A          19%         2    ##.....
c - Mephitic Cloud        Conj/Pois/Air  ##......     24%         3    ###....
d - Conjure Flame         Conj/Fire      ###.....     16%         3    ###....


Dungeon Overview and Level Annotations

Branches:
Dungeon (4/15)
 Temple: D:4-7

Altars:
Dithmenos
Wu Jian

Annotations:
D:3 Kublaii's ghost, amateur HOFi


Innate Abilities, Weirdness & Mutations

You have very sharp fingernails.
You regenerate a little health from kills.


Message History

Aiming: Mephitic Cloud
Press: ? - help, Shift-Dir - straight line, f - orc
Aim: an orc, wielding a mace and wearing a leather armour (moderately wounded, confused)
The ball explodes into a vile cloud!
The stinking cloud engulfs the orc.
The orc is moderately wounded.
The stinking cloud engulfs the sky beast.
You hear an angry hiss.
You hear a howl!
The orc is engulfed in noxious fumes.
The orc appears confused.
The sky beast hits you.
* * * LOW HITPOINT WARNING * * *
The sky beast shocks you.
* * * LOW HITPOINT WARNING * * *
Unknown command.
The orc is engulfed in noxious fumes.
The orc appears confused.
The sky beast closely misses you.
The orc is engulfed in noxious fumes.
The sky beast flickers out of sight!
Deactivating autopickup; reactivate with Ctrl-A.
An adder comes into view.
Something hits you.
You die...

##+##
##...##
##.....##
##.......##
#.<...o...#
+.........+
#...o.....#
##.....@.#
####..ยง..##
#.So......#
#.####+##.#
# .# .# ..
.# .#


You could see an adder and 3 orcs.

Vanquished Creatures
  A crimson imp (D:3)
  A bullfrog zombie (D:4)
  7 adders
  An ooze (D:2)
  An adder zombie (D:3)
  A worm (D:2)
  A dart slug (D:2)
  A leopard gecko (D:3)
  An orc (D:3)
  7 giant cockroaches
  6 goblins
  3 hobgoblins
  6 bats
  6 frilled lizards
  A jackal skeleton (D:4)
  3 kobolds (D:2)
  7 rats
54 creatures vanquished.

Notes
Turn   | Place    | Note
-------+----------+-------------------------------------------
     0 | D:1      | Kaname the Demonspawn Wizard began the quest for the Orb.
     0 | D:1      | Reached XP level 1. HP: 13/13 MP: 4/4
   394 | D:1      | Reached skill level 2 in Conjurations
   465 | D:1      | Gained mutation: You have sharp fingernails. [demonic ancestry]
   465 | D:1      | Reached XP level 2. HP: 9/19 MP: 1/6
   469 | D:1      | Learned a level 2 spell: Blink
  1053 | D:2      | Reached skill level 3 in Conjurations
  1053 | D:2      | Gained mutation: You regenerate a little health from kills. [demonic ancestry]
  1053 | D:2      | Reached XP level 3. HP: 24/24 MP: 1/7
  1131 | D:2      | Reached skill level 1 in Translocations
  1137 | D:2      | Learned a level 3 spell: Mephitic Cloud
  1252 | D:2      | Found a shadowy altar of Dithmenos.
  1377 | D:2      | Reached skill level 1 in Air Magic
  1412 | D:2      | Reached skill level 1 in Poison Magic
  1457 | D:2      | Reached XP level 4. HP: 30/30 MP: 1/8
  1464 | D:2      | Learned a level 3 spell: Conjure Flame
  1793 | D:3      | Noticed Kublaii's ghost (amateur HOFi)
  2099 | D:3      | Reached skill level 4 in Conjurations
  2099 | D:3      | Gained mutation: You have very sharp fingernails. [demonic ancestry]
  2099 | D:3      | Reached XP level 5. HP: 11/35 MP: 7/9
  2347 | D:3      | Found an ornate altar of the Wu Jian Council.
  2370 | D:3      | Found a faded altar of an unknown god.
  2562 | D:4      | Noticed a sky beast
  2569 | D:4      | Reached skill level 1 in Fire Magic
  2578 | D:4      | Slain by a sky beast

Vault maps used:
D:1:      tarquinn_simple_flora_water_c, minmay_bisected
D:2:      marbit_many_paths
D:3:      lemuel_doored_altar, lemuel_coloured_pillars_altar,
          serial_corexii_hall, corexii_hall_statues_l, corexii_hall_statues_u,
          chequers_ecumenical_altar_simple, uniq_natasha
D:4:      portal_sewer_entry_f, first_bread

Skill      XL: |  1  2  3  4  5 |
---------------+----------------+-----
Conjurations   | 2 3 4 |  4.4
Translocations | 1 |  1.0
Air Magic      | 1 |  1.0
Poison Magic   | 1 |  1.0
Fire Magic     | 1 |  1.7
Dodging        | |  1.7
Stealth        | |  1.7
Spellcasting   | |  3.0
Summonings     | |  1.0

Action                   |  1- 3 |  4- 6 || total
-------------------------+-------+-------++-------
Melee: Unarmed           |    24 |       ||    24
       Whip              |    43 |    50 ||    93
 Cast: Magic Dart        |    38 |    23 ||    61
       Mephitic Cloud    |       |     2 ||     2
       Conjure Flame     |       |     1 ||     1
  Use: Scroll            |     5 |     2 ||     7
 Stab: Sleeping          |     3 |     1 ||     4
  Eat: Chunk             |     2 |     3 ||     5
Armor: Robe              |     6 |       ||     6
Dodge: Dodged            |    34 |    32 ||    66
Block: Buckler           |    14 |     9 ||    23

Table legend:
 A = Spawn XP
 B = Non-spawn XP
 C = Spawn XP percentage of total XP
 D = Spawn monster count
 E = Non-spawn monster count
 F = Spawn count percentage of total count
 G = Total turns spent on level
                    A         B        C        D         E        F      G
               +---------+---------+-------+---------+---------+-------+---------
         Total |       0 |     272 |   0.0 |       0 |      54 |   0.0 |  2578
               +---------+---------+-------+---------+---------+-------+---------
           D:1 |       0 |      17 |   0.0 |       0 |      11 |   0.0 |   892
           D:2 |       0 |     113 |   0.0 |       0 |      29 |   0.0 |   927
           D:3 |       0 |      97 |   0.0 |       0 |      12 |   0.0 |   743
           D:4 |       0 |      45 |   0.0 |       0 |       2 |   0.0 |    16
               +---------+---------+-------+---------+---------+-------+---------
